 Dungeon Crawl Stone Soup version 0.32-a0-913-g739538afd8 (webtiles) character file.

Game seed: 6871384796313748925

3027 balagan2 the Grappler (level 9, -4/64 (68) HPs)
             Began as a Gnoll Shapeshifter on Apr 8, 2024.
             Was a Believer of Nemelex Xobeh.
             Shot with an arrow by an orc (6 damage)
             ... on level 8 of the Dungeon.
             The game lasted 00:24:09 (11784 turns).

balagan2 the Grappler (Gnoll Shapeshifter)         Turns: 11784, Time: 00:24:09

HP:   -4/64 (68)    AC:  0    Str: 17    XL:     9   Next: 85%
MP:   16/16         EV: 17    Int:  9    God:    Nemelex Xobeh [**....]
Gold: 286           SH:  0    Dex: 13    Spells: 17/17 levels left

rFire   . . .        I - melded +5 flail (freeze)
rCold   . . .        (shield currently unavailable)
rNeg    . . .        H - melded +1 acid dragon scales
rPois   +            (no helmet)
rElec   .            (no cloak)
rCorr   .            (no gloves)
SInv    .            (no boots)
Will    .....        (no amulet)
Stlth   +            p - ring of poison resistance
HPRegen 0.30/turn    (no ring)
MPRegen 0.15/turn

%: no passive effects
@: confused, flux-form, glowing, drained
A: glow, contaminating, fangs 1, strong nose, distributed training
a: Begin Untransformation, Renounce Religion, Draw Escape, Draw Destruction,
Draw Summoning


You were on level 8 of the Dungeon.
You worshipped Nemelex Xobeh.
Nemelex Xobeh was pleased with you.
You were something dangerously unstable.
You visited 2 branches of the dungeon, and saw 9 of its levels.

You collected 351 gold pieces.
You spent 65 gold pieces at shops.

Inventory:

Hand Weapons
 q - a +2 whip of venom
 I - a +5 flail of freezing (melded)
Missiles
 j - 86 stones
 v - 11 poisoned darts
 E - 4 javelins (quivered)
Armour
 a - a +0 animal skin
 e - a +0 leather armour
 i - a +0 scale mail
 m - a +0 chain mail
 H - +1 acid dragon scales (melded)
Jewellery
 p - a ring of poison resistance (left hand)
 s - a ring of fire
 A - a ring of wizardry
Talismans
 c - a beast talisman
 d - a flux talisman (active)
Wands
 z - a wand of quicksilver (3)
 D - a wand of flame (21)
 G - a wand of polymorph (3)
 L - a wand of roots (7)
 M - a wand of paralysis (11)
Scrolls
 g - a scroll of enchant armour
 h - 3 scrolls of poison
 n - 3 scrolls of blinking
 o - a scroll of amnesia
 r - 2 scrolls of identify
 t - a scroll of fear
 u - 6 scrolls of teleportation
 w - a scroll of noise
 y - 2 scrolls of torment
 B - a scroll of immolation {unknown}
 J - a scroll of brand weapon {unknown}
 K - a scroll of acquirement {unknown}
Potions
 b - a potion of lignification
 f - a potion of heal wounds
 k - a potion of berserk rage {unknown}
 l - a potion of might {unknown}
 x - 4 potions of curing
 C - 2 potions of attraction
 F - a potion of haste {unknown}
 N - a potion of resistance {unknown}


   Skills:
 + Level 5.5 Fighting
 + Level 4.8 Short Blades
 + Level 4.8 Long Blades
 + Level 4.8 Axes
 + Level 4.8 Maces & Flails
 + Level 4.8 Polearms
 + Level 4.8 Staves
 + Level 4.8 Ranged Weapons
 + Level 4.8 Throwing
 + Level 4.8 Armour
 + Level 6.7 Dodging
 + Level 4.8 Stealth
 + Level 4.8 Shields
 + Level 8.2 Unarmed Combat
 + Level 4.8 Spellcasting
 + Level 4.0 Conjurations
 + Level 4.0 Hexes
 + Level 4.0 Summonings
 + Level 4.0 Necromancy
 + Level 4.0 Translocations
 + Level 4.0 Fire Magic
 + Level 4.0 Ice Magic
 + Level 4.0 Air Magic
 + Level 4.0 Earth Magic
 + Level 4.0 Alchemy
 + Level 5.3 Invocations
 + Level 4.8 Evocations
 + Level 8.0 Shapeshifting


You had 17 spell levels left.
You didn't know any spells.
Your spell library contained the following spells:

 Spells                   Type           Power      Damage    Failure   Level
 Apportation              Tloc           18%        N/A       4%          1
 Magic Dart               Conj           36%        1d4       4%          1
 Necrotise                Necr           36%        1d5       4%          1
 Sting                    Conj/Alch      36%        1d5       4%          1
 Summon Small Mammal      Summ           36%        N/A       4%          1
 Blink                    Tloc           18%        N/A       8%          2
 Call Imp                 Summ           18%        N/A       8%          2
 Iskenderun's Battlesphe  Conj           9%         2d6       80%         5
 Bombard                  Conj/Erth      4%         9d2       100%        6
 Spellforged Servitor     Conj/Summ      4%         N/A       100%        7


Dungeon Overview and Level Annotations

Branches:
Dungeon (8/15)             Temple (1/1) D:4
   Lair: D:8-11

Altars:
Ashenzari
Cheibriados
Dithmenos
Elyvilon
Fedhas
Gozag
Makhleb
Nemelex Xobeh
Okawaru
Qazlal
Ru
Sif Muna
Trog
Uskayaw
Vehumet
Wu Jian
Xom
Yredelemnul
Zin
The Shining One
Lugonu

Shops:
D:4 ??

Portals:
Abyss: D:3

Annotations:
D:3 2 runed translucent doors, exclusion: downstairs
D:4 Edmund
D:7 exclusion: downstairs


Innate Abilities, Weirdness & Mutations

You are something dangerously unstable.
You glow with magical radiation, making you easy to see and hit.
Foes you strike become dangerously contaminated with magical radiation.
You are incapable of wielding weapons or throwing items.
You have very sharp teeth.
Your uncanny sense of smell can sniff out nearby items.
Your experience applies equally to all skills.


Message History

You kill the orc!
The orc shoots an arrow.
The arrow hits you. The arrow freezes you.
An orc comes into view.
It is wielding a +1 hand axe of freezing.
The orc shoots an arrow.
The arrow hits you! The arrow freezes you.
You see here a +0 hand axe.
You are too injured to fight recklessly!
You are too injured to fight recklessly!
You are too injured to fight recklessly!
Found a hand axe.
The orc wizard casts a spell.
The orc wizard flickers and vanishes!
Deactivating autopickup; reactivate with Ctrl-A.
The orc shoots an arrow.
The arrow completely misses you.
You completely miss the orc priest. You closely miss the orc priest.
Your bite misses the orc priest. Something hits you.
The orc priest mumbles some strange prayers to Beogh against you.
Beogh smites you!
You completely miss the orc priest. Something hits you.
The orc priest mumbles some strange prayers to Beogh against you.
Pain shoots through your body!
* * * LOW HITPOINT WARNING * * *
The orc shoots an arrow.
You punch the orc priest!
The orc priest begins to glow.
The orc priest is heavily wounded.
You hear some strange, mumbled words.
You are confused.
The orc priest closely misses you.
The orc shoots an arrow.
The arrow barely misses you.
The orc shoots an arrow.
The arrow completely misses you.
The orc shoots an arrow.
The arrow completely misses you.
You hear some strange, mumbled words.
A puff of flame appears from out of thin air!
The puff of flame misses you.
The orc priest mumbles some strange prayers to Beogh against you.
Beogh smites you!
* * * LOW HITPOINT WARNING * * *
The orc shoots an arrow.
The arrow hits you.
You die...
Your body glows with a rainbow of weird colours and disappears.

## ##...... ##....#.##
#
##...#oo####........#
#
##........##........##
#
#......)...........##
# ..................##
. ..........).##...##
..).....{o.......#
....!..........###
###...p.....###
.....##..##..#
.........##..#
.....##...#..# . .
#....... ........#
.........# ........##
#........


You could see an orc priest (contam) and 2 orcs.

Vanquished Creatures
  A two-headed ogre (D:6)
  A shadow (D:6)
  A wyvern (D:8)
  A fire bat (D:7)
  A black bear (D:7)
  A centaur (D:6)
  A phantom (D:4)
  A brain worm (D:7)
  3 scorpions
  12 wights
  A howler monkey (D:6)
  4 bombardier beetles
  2 jellies
  An orc priest (D:5)
  A gnoll bouda (D:7)
  3 sleepcaps
  Ijyb (D:4)
  3 iguanas
  2 orc wizards (D:7)
  10 gnolls
  8 adders
  3 shadow imps (D:5)
  2 white imps
  7 ufetubi
  2 dart slugs (D:2)
  22 orcs
  5 ball pythons
  8 endoplasms
  2 giant cockroaches
  2 hobgoblins
  5 jackals
  11 kobolds
  6 quokkas
  6 bats
  7 frilled lizards
  10 goblins
  3 rats
160 creatures vanquished.

Notes
Turn   | Place    | Note
-------+----------+-------------------------------------------
     0 | D:1      | balagan2 the Gnoll Shapeshifter began the quest for the
                  | Orb.
     0 | D:1      | Reached XP level 1. HP: 17/17 MP: 1/1
    84 | D:1      | Reached XP level 2. HP: 23/23 MP: 2/2
   558 | D:1      | Reached XP level 3. HP: 25/28 MP: 3/3
   951 | D:2      | Reached skill level 1 in Invocations
  1004 | D:2      | Reached skill level 1 in Short Blades
  1004 | D:2      | Reached skill level 1 in Long Blades
  1004 | D:2      | Reached skill level 1 in Axes
  1004 | D:2      | Reached skill level 1 in Maces & Flails
  1004 | D:2      | Reached skill level 1 in Polearms
  1004 | D:2      | Reached skill level 1 in Staves
  1004 | D:2      | Reached skill level 1 in Ranged Weapons
  1004 | D:2      | Reached skill level 1 in Throwing
  1004 | D:2      | Reached skill level 1 in Armour
  1004 | D:2      | Reached skill level 1 in Stealth
  1004 | D:2      | Reached skill level 1 in Shields
  1004 | D:2      | Reached skill level 1 in Spellcasting
  1004 | D:2      | Reached skill level 1 in Evocations
  1004 | D:2      | Reached XP level 4. HP: 34/34 MP: 5/5
  1008 | D:2      | Reached skill level 1 in Conjurations
  1008 | D:2      | Reached skill level 1 in Hexes
  1008 | D:2      | Reached skill level 1 in Summonings
  1008 | D:2      | Reached skill level 1 in Necromancy
  1008 | D:2      | Reached skill level 1 in Translocations
  1008 | D:2      | Reached skill level 1 in Fire Magic
  1008 | D:2      | Reached skill level 1 in Ice Magic
  1008 | D:2      | Reached skill level 1 in Air Magic
  1008 | D:2      | Reached skill level 1 in Earth Magic
  1008 | D:2      | Reached skill level 1 in Alchemy
  1631 | D:3      | Reached XP level 5. HP: 40/40 MP: 7/7
  2948 | D:3      | Found a basalt altar of Yredelemnul.
  3143 | D:3      | Reached XP level 6. HP: 41/47 MP: 8/8
  3283 | D:3      | Found a large runed translucent door.
  3283 | D:3      | Found a large runed translucent door.
  3297 | D:3      | Found a one-way gate to the infinite horrors of the Abyss.
  3312 | D:3      | Found a corrupted altar of Lugonu.
  3527 | D:4      | Found a staircase to the Ecumenical Temple.
  3533 | Temple   | Entered the Ecumenical Temple
  3549 | Temple   | Became a worshipper of Nemelex Xobeh the Trickster
  3614 | D:4      | Reached skill level 5 in Dodging
  3784 | D:4      | Noticed Edmund
  3785 | D:4      | Noticed Ijyb
  3805 | D:4      | Killed Ijyb
  4029 | D:5      | Entered Level 5 of the Dungeon
  4053 | D:4      | Found Qehol's Magic Scroll Shop.
  4058 | D:4      | Reached XP level 7. HP: 20/52 MP: 10/10
  4180 | D:4      | Found Imipotiv's Magic Scroll Shop.
  4190 | D:4      | Bought a scroll of teleportation for 39 gold pieces
  4190 | D:4      | Bought a scroll of identify for 26 gold pieces
  4942 | D:5      | Identified the +5 whip of Cowardice {heavy, *Noise +Blink
                  | Int+3 Dex+2}
  5920 | D:6      | Reached * piety under Nemelex Xobeh
  6038 | D:6      | Noticed a shadow
  6046 | D:6      | Killed a shadow
  6047 | D:6      | Reached XP level 8. HP: 60/60 MP: 12/12
  6059 | D:6      | Received a gift from Nemelex Xobeh
  6373 | D:6      | Found a shadowy altar of Dithmenos.
  7394 | D:7      | Noticed Maggie
  7687 | D:7      | Maggie changed into Maggie the brain worm
  7687 | D:7      | Noticed Maggie
  7690 | D:7      | Killed Maggie the brain worm
  8120 | D:7      | Noticed a two-headed ogre
  8137 | D:6      | Killed a two-headed ogre
  8138 | D:6      | Reached XP level 9. HP: 17/67 MP: 13/15
  9094 | D:7      | Reached skill level 5 in Fighting
  9628 | D:7      | Received a gift from Nemelex Xobeh
  9796 | D:7      | Reached ** piety under Nemelex Xobeh
 10168 | D:7      | Noticed Maurice
 10271 | D:7      | Maurice changed into Maurice the fire bat
 10271 | D:7      | Noticed Maurice
 10282 | D:7      | Killed Maurice the fire bat
 10283 | D:7      | Reached skill level 5 in Invocations
 10526 | D:8      | Received a gift from Nemelex Xobeh
 11784 | D:8      | HP: 2/64 [orc priest/divine providence (11)]
 11784 | D:8      | Shot with an arrow by an orc

Illustrated notes

Levels and vault maps discovered:
D:1:      dpeg_arrival_tiny_a, layout_rooms, st_stairs_8
D:2:      layout_basic
D:3:      due_chaos_kobolds, layout_rooms, yredelemnul_altar_generic,
          kennysheep_potato
D:4:      cheibrodos_helix_gallery, layout_rooms,
          minmay_temple_entry_metal_lava, amcnicky_mini_pool_small,
          nicolae_wooded_promenade, feat_on_display, uniq_edmund, uniq_ijyb
D:5:      layout_loops_cross, serial_demonic, serial_demonic_d,
          serial_demonic_a, serial_demonic_b, serial_demonic_f
D:6:      layout_cave_pools, nicolae_dithmenos_through_a_glass_darkly
D:7:      layout_loops_cross, uniq_maurice, uniq_maggie
D:8:      minmay_evil_eye, layout_cave_pools, kiku_gazebo_pond_becter,
          dk_vineyard_1
Temple:   mainiacjoe_temple_coin_purse

Skill      XL: |  1  2  3  4  5  6  7  8  9 |
---------------+----------------------------+-----
Invocations    | 1 2 3 4 5 |  5.3
Short Blades   | 1 2 3 4 |  4.8
Long Blades    | 1 2 3 4 |  4.8
Axes           | 1 2 3 4 |  4.8
Maces & Flails | 1 2 3 4 |  4.8
Polearms       | 1 2 3 4 |  4.8
Staves         | 1 2 3 4 |  4.8
Ranged Weapons | 1 2 3 4 |  4.8
Throwing       | 1 2 3 4 |  4.8
Armour         | 1 2 3 4 |  4.8
Stealth        | 1 2 3 4 |  4.8
Shields        | 1 2 3 4 |  4.8
Spellcasting   | 1 2 3 4 |  4.8
Evocations     | 1 2 3 4 |  4.8
Conjurations   | 1 2 3 4 |  4.0
Hexes          | 1 2 3 4 |  4.0
Summonings     | 1 2 3 4 |  4.0
Necromancy     | 1 2 3 4 |  4.0
Translocations | 1 2 3 4 |  4.0
Fire Magic     | 1 2 3 4 |  4.0
Ice Magic      | 1 2 3 4 |  4.0
Air Magic      | 1 2 3 4 |  4.0
Earth Magic    | 1 2 3 4 |  4.0
Alchemy        | 1 2 3 4 |  4.0
Fighting       | 3 4 5 |  5.5
Dodging        | 5 6 |  6.7
Unarmed Combat | 7 8 |  8.2
Shapeshifting  | 7 8 |  8.0

Action                     |  1- 3 |  4- 6 |  7- 9 || total
---------------------------+-------+-------+-------++-------
  Melee: Unarmed           |    69 |   132 |   150 ||   351
         Bite              |     3 |    11 |    31 ||    45
         Punch             |     3 |     5 |     9 ||    17
         Flail             |       |       |    93 ||    93
  Throw: Throwing net      |       |     1 |       ||     1
         Javelin           |       |       |     1 ||     1
 Invoke: Draw Destruction  |       |       |    12 ||    12
  Evoke: Wand              |       |       |     5 ||     5
    Use: Scroll            |       |     1 |    10 ||    11
         Potion            |       |       |     1 ||     1
 Armour: Leather armour    |    20 |       |       ||    20
         Animal skin       |     1 |       |       ||     1
         Scale mail        |    20 |     6 |       ||    26
         Skin              |     1 |       |    23 ||    24
         Chain mail        |       |    89 |    95 ||   184
         Acid dragon scale |       |       |    90 ||    90
  Dodge: Dodged            |    54 |    29 |   182 ||   265
   Form: Flux              |       |       |     5 ||     5
         Beast             |       |       |     4 ||     4

Table legend: (Time is in decaauts)
 A = Elapsed time spent in this place.
 B = Non-inter-level travel time spent in this place.
 C = Inter-level travel time spent in this place.
 D = Time resting spent in this place.
 E = Time spent auto-exploring this place.
 F = Levels seen in this place.
 G = Mean time per level.
                   A        B        C        D        E       F      G
               +--------+--------+--------+--------+--------+-----+--------+
         Total |  11765 |  11503 |    262 |   6367 |   3164 |   9 | 1307.2 |
       Dungeon |  11735 |  11483 |    252 |   6367 |   3164 |   8 | 1466.9 |
        Temple |     29 |     19 |     10 |      0 |      0 |   1 |   29.0 |
               +--------+--------+--------+--------+--------+-----+--------+

Top non-repeatable levels by time:
     D:6: 3225 daAuts
     D:7: 2291 daAuts
     D:3: 1644 daAuts
     D:5: 1211 daAuts
     D:2: 1053 daAuts
     D:4: 901 daAuts
     D:1: 864 daAuts
     D:8: 544 daAuts
  Temple: 29 daAuts
